 Dungeon Crawl Stone Soup version 0.18.1-50-g88ac8fd (console) character file.

2096 Kloppie the Carver (level 9, -16/72 HPs)
             Began as a Demonspawn Berserker on Oct 30, 2016.
             Was an Elder of Trog.
             Demolished by Menkaure (17 damage)
             ... on level 7 of the Dungeon.
             The game lasted 00:09:02 (5540 turns).

Kloppie the Carver (Demonspawn Berserker)           Turns: 5540, Time: 00:09:03

Health: -16/72     AC: 11    Str: 17    XL:     9   Next: 7%
Magic:  0/9        EV:  8    Int: 10    God:    Trog [****..]
Gold:   363        SH:  0    Dex: 15    Spells: 0 memorised, 8 levels left

rFire  + . .     SeeInvis .     a - +0 falchion
rCold  . . .     Gourm    .     y - +0 chain mail
rNeg   . . .     Faith    .     (no shield)
rPois  .         Spirit   +     (helmet restricted)
rElec  .         Dismiss  .     (no cloak)
rCorr  .         Reflect  .     f - +0 pair of gloves
SustAt +         Harm     .     (no boots)
MR     ++...                    (no amulet)
Stlth  ..........               D - ring of protection from fire
                                d - ring of sustain attributes

@: exhausted, regenerating, slowed, very slow, very resistant to hostile
enchantments, extremely unstealthy
A: claws 2, horns 1, talons 1, powered by death 1, magic shield
a: Berserk, Trog's Hand, Brothers in Arms, Burn Spellbooks, Renounce Religion


You were on level 7 of the Dungeon.
You worshipped Trog.
Trog was greatly pleased with you.
You were not hungry.

You visited 1 branch of the dungeon, and saw 7 of its levels.
You also visited: Sewer.

You collected 363 gold pieces.

Inventory:

Hand Weapons
 a - a +0 falchion (weapon)
Armour
 f - a +0 pair of gloves (worn)
 y - a +0 chain mail (worn)
Jewellery
 d - a ring of sustain attributes (left hand)
 D - a ring of protection from fire (right hand)
Wands
 g - a wand of acid (7/15)
 v - a wand of random effects (18/48)
 B - a wand of acid (5/15)
Scrolls
 b - 7 scrolls of remove curse
 i - 2 scrolls of recharging {unknown}
 j - 6 scrolls of identify {unknown}
 l - a scroll of enchant armour {unknown}
 p - a scroll of fog {unknown}
 s - 2 scrolls of fear {unknown}
 t - a scroll of enchant weapon {unknown}
 x - a scroll of immolation {unknown}
 C - a scroll of magic mapping {unknown}
Potions
 e - 5 potions of curing
 h - a potion of ambrosia {unknown}
 m - 3 potions of agility {unknown}
 n - a potion of lignification {unknown}
 q - 3 potions of heal wounds {unknown}
 u - a potion of mutation {unknown}
 w - 3 potions of brilliance {unknown}
 z - a potion of might {unknown}
 A - a potion of flight {unknown}
Comestibles
 c - 7 bread rations
 k - 2 fruits
 o - a royal jelly
 E - 2 meat rations


   Skills:
 - Level 7.2 Fighting
 + Level 8.1 Long Blades
 + Level 5.2 Armour
 - Level 1.7 Dodging


You had 8 spell levels left.
You didn't know any spells.

Dungeon Overview and Level Annotations

Branches:
Dungeon (7/15)             Temple (0/1) D:4

Altars:
Ashenzari
Fedhas
Makhleb
Ru
Xom
The Shining One

Shops:
D:6 }

Annotations:
D:7 Menkaure


Innate Abilities, Weirdness & Mutations

You have very sharp fingernails.
You have a pair of small horns on your head.
You have sharp toenails.
You regenerate a little health from kills.
When hurt, damage is shared between your health and your magic reserves.


Message History

Menkaure hits you!!
* * * LOW HITPOINT WARNING * * *
You are too injured to fight recklessly!
You are too injured to fight recklessly!
Your skin crawls.
You feel resistant to hostile enchantments.
You feel slightly more hungry. Menkaure hits you!
* * * LOW HITPOINT WARNING * * *
Menkaure hits you.
* * * LOW HITPOINT WARNING * * *
Eat which item? (? for menu, Esc to quit)
Menkaure casts a spell at you. You resist with almost no effort.
Menkaure hits you!
* * * LOW HITPOINT WARNING * * *
Yeuchh!
Anchovies.
Drink which item? (? for menu, Esc to quit)
It was a potion of curing.
You feel better. Menkaure hits you!
* * * LOW HITPOINT WARNING * * *
Menkaure hits you!
You die...

## #.# ... #.# ...
#.# #'# ####.#
###.## #....# ....#
#.#### ##.#####..#
#.# ..........## #.#
###M@...########.#
#..................#
#..........#########
#.##.......# #
##.....## ##...##
.....# #######


You could see Menkaure.

Vanquished Creatures
  The ghost of UranusSolar the Infuser, a novice DECj of Sif Muna (D:7)
  The ghost of Kloppie the Cudgeler, a novice GrBe of Trog (D:3)
  Duvessa (D:4)
  An ice beast (D:6)
  A phantom (D:4)
  An ogre (D:5)
  A centaur (D:6)
  A big kobold (Sewer)
  Dowan (D:4)
  A scorpion (D:6)
  3 howler monkeys
  3 crimson imps (D:5)
  A jelly (D:5)
  3 orc wizards
  An iguana (D:6)
  Natasha (thrice) (D:3)
  3 worker ants
  Robin (D:4)
  8 gnolls (D:5)
  A river rat (Sewer)
  5 adders
  A shadow imp (D:6)
  3 oozes
  4 worms
  4 dart slugs
  2 giant geckos
  15 orcs
  6 giant cockroaches
  14 goblins
  8 hobgoblins
  16 jackals
  9 kobolds
  3 quokkas
  2 ball pythons (Sewer)
  4 bats
  6 giant newts
  8 rats
147 creatures vanquished.

Notes
Turn   | Place    | Note
--------------------------------------------------------------
     0 | D:1      | Kloppie the Demonspawn Berserker began the quest for the Orb.
     0 | D:1      | Reached XP level 1. HP: 18/18 MP: 1/1
    78 | D:1      | Gained mutation: You have a pair of small horns on your head. [demonic ancestry]
    78 | D:1      | Reached XP level 2. HP: 11/24 MP: 2/2
   369 | D:1      | Reached skill level 3 in Long Blades
  1019 | D:2      | Reached ** piety under Trog
  1019 | D:2      | Gained mutation: You have sharp fingernails. [demonic ancestry]
  1019 | D:2      | Reached XP level 3. HP: 29/29 MP: 3/3
  1109 | D:2      | Found a burning altar of Makhleb.
  1306 | D:2      | Found a blossoming altar of Fedhas.
  1586 | D:2      | Found a glowing golden altar of the Shining One.
  1725 | D:3      | Gained mutation: You have sharp toenails. [demonic ancestry]
  1725 | D:3      | Reached XP level 4. HP: 27/37 MP: 4/4
  1792 | D:3      | Noticed Natasha
  1797 | D:3      | Killed Natasha
  1969 | D:3      | Noticed Kloppie's ghost (novice GrBe)
  2000 | D:3      | Killed Kloppie's ghost
  2000 | D:3      | Reached skill level 5 in Fighting
  2000 | D:3      | Reached skill level 4 in Long Blades
  2000 | D:3      | Gained mutation: You regenerate a little health from kills. [demonic ancestry]
  2000 | D:3      | Reached XP level 5. HP: 45/45 MP: 5/5
  2000 | D:3      | Reached XP level 6. HP: 51/51 MP: 6/6
  2166 | D:3      | Noticed Natasha
  2168 | D:3      | Killed Natasha
  2168 | D:3      | Reached skill level 5 in Long Blades
  2448 | D:3      | Noticed Natasha
  2463 | D:3      | Killed Natasha
  2509 | D:4      | Noticed Dowan
  2510 | D:4      | Noticed Duvessa
  2519 | D:4      | Killed Duvessa
  2519 | D:4      | Reached XP level 7. HP: 58/58 MP: 7/7
  2533 | D:4      | Killed Dowan
  2533 | D:4      | Reached *** piety under Trog
  2747 | D:4      | Noticed Robin
  2757 | D:4      | Killed Robin
  2929 | D:4      | Found a sacrificial altar of Ru.
  2944 | D:4      | Reached skill level 6 in Long Blades
  3012 | D:4      | Found a staircase to the Ecumenical Temple.
  3026 | D:4      | Found a shimmering altar of Xom.
  3297 | D:5      | Entered Level 5 of the Dungeon
  3463 | D:5      | Found a glowing drain.
  3467 | Sewer    | Entered a sewer
  3610 | Sewer    | Reached **** piety under Trog
  3671 | Sewer    | Gained mutation: When hurt, damage is shared between your health and your magic reserves. [demonic ancestry]
  3671 | Sewer    | Reached XP level 8. HP: 66/67 MP: 8/8
  4190 | D:5      | Reached skill level 7 in Long Blades
  4699 | D:6      | Found Ynoim's Gadget Shop.
  4839 | D:6      | Found a shattered altar of Ashenzari.
  5502 | D:7      | Noticed UranusSolar's ghost (novice DECj)
  5515 | D:7      | Killed UranusSolar's ghost
  5515 | D:7      | Reached skill level 8 in Long Blades
  5515 | D:7      | Reached skill level 5 in Armour
  5515 | D:7      | Gained mutation: You have very sharp fingernails. [demonic ancestry]
  5515 | D:7      | Reached XP level 9. HP: 72/72 MP: 5/9
  5534 | D:7      | Noticed Menkaure
  5539 | D:7      | HP: 1/72 [Menkaure (13)]
  5540 | D:7      | Demolished by Menkaure

Skill      XL: |  1  2  3  4  5  6  7  8 |
---------------+-------------------------+-----
Long Blades    | 3 4 5 6 8 |  8.1
Fighting       | 4 5 6 7 |  7.2
Armour         | 2 5 |  5.2
Dodging        | |  1.7

Action                   |  1- 3 |  4- 6 |  7- 9 || total
-------------------------+-------+-------+-------++-------
Melee: Falchion          |   141 |    91 |   393 ||   625
       Headbutt          |    18 |    16 |    85 ||   119
       Kick              |       |    21 |   117 ||   138
Invok: Berserk           |     1 |     2 |     3 ||     6
       Trog's Hand       |       |     2 |     2 ||     4
  Use: Potion            |       |       |     2 ||     2
       Scroll            |       |       |     1 ||     1
  Eat: Chunk             |     4 |     4 |    13 ||    21
       Pizza             |       |       |     1 ||     1
Armor: Animal skin       |     3 |       |       ||     3
       Ring mail         |    39 |       |       ||    39
       Scale mail        |    12 |    27 |    79 ||   118
       Chain mail        |       |       |   111 ||   111
Dodge: Dodged            |    75 |    42 |   159 ||   276
